 Dungeon Crawl Stone Soup version 0.31-a0-1338-gb567cfdca4 (webtiles) character file.

Game seed: 17176981117447571951

2004 Curundu the Cleaver (level 9, -3/79 HPs)
             Began as a Hill Orc Berserker on Dec 22, 2023.
             Was a High Priest of Trog.
             Slain by a troll (8 damage)
             ... on level 7 of the Dungeon.
             The game lasted 00:23:03 (5755 turns).

Curundu the Cleaver (Hill Orc Berserker)            Turns: 5755, Time: 00:23:03

Health: -3/79      AC: 13    Str: 24    XL:     9   Next: 22%
Magic:  9/9        EV:  5    Int:  7    God:    Trog [*****.]
Gold:   465        SH: 10    Dex: 10    Spells: 8/8 levels left

rFire   . . .        y - +5 long sword
rCold   . . .        E - +0 tower shield
rNeg    . . .        G - +0 plate armour
rPois   +            (no helmet)
rElec   .            (no cloak)
rCorr   .            (no gloves)
SInv    .            (no boots)
Will    .....        d - amulet of regeneration Stlth
                     n - ring of poison resistance
HPRegen 1.13/turn    (no ring)
MPRegen 0.11/turn

%: no passive effects
@: mighty
A: no striking features
a: Renounce Religion, Berserk, Trog's Hand, Brothers in Arms


You were on level 7 of the Dungeon.
You worshipped Trog.
Trog was extremely pleased with you.
You visited 1 branch of the dungeon, and saw 7 of its levels.

You collected 521 gold pieces.
You spent 56 gold pieces at shops.

Inventory:

Hand Weapons
 a - the +5 quarterstaff of Zoemegec {drain, Will- MP+9 Str+5 Int+8}
   (You found it on level 6 of the Dungeon)

   Str+5:     It affects your strength (+5).
   Int+8:     It affects your intelligence (+8).
   Will-:     It decreases your willpower.
   MP+9:      It affects your magic capacity (+9).
 y - a +5 long sword (weapon)
Missiles
 b - 5 boomerangs
 v - 7 poisoned darts
Armour
 j - an orb of wrath
 E - a +0 tower shield (worn)
 G - a +0 plate armour (worn)
Jewellery
 d - an amulet of regeneration (around neck)
 f - a ring of flight
 n - a ring of poison resistance (left hand)
 t - an amulet of guardian spirit
Wands
 D - a wand of paralysis (13)
 F - a wand of flame (12)
Scrolls
 g - a scroll of enchant armour {unknown}
 i - 5 scrolls of fear
 k - a scroll of immolation {unknown}
 l - a scroll of silence
 q - 3 scrolls of teleportation {unknown}
 r - a scroll of torment
 s - 3 scrolls of amnesia
 u - 3 scrolls of revelation
 w - a scroll of vulnerability
 C - a scroll of identify
Potions
 c - 3 potions of curing
 e - a potion of heal wounds {unknown}
 h - 2 potions of degeneration
 o - a potion of might
 p - 3 potions of attraction
 x - a potion of enlightenment {unknown}
 z - a potion of experience {unknown}
 A - 3 potions of mutation


   Skills:
 + Level 7.2 Fighting
 + Level 1.5 Long Blades
 + Level 8.1(9.2) Axes
 + Level 5.3(6.9) Maces & Flails
 + Level 6.9 Armour
 + Level 3.3 Dodging
 + Level 0.8 Stealth
 + Level 1.0 Shields


You had 8 spell levels left.
You didn't know any spells.
Your spell library was empty.

Dungeon Overview and Level Annotations

Branches:
Dungeon (7/15)
 Temple: D:4-7

Altars:
Wu Jian

Shops:
D:2 :   D:4 *

Annotations:
D:4 2 transporters, Sonofthefire's ghost, amateur OpSh


Message History

You completely miss the troll.
The troll is heavily wounded.
You block the troll's attack. The troll claws you but does no damage.
The troll claws you.
You closely miss the troll.
The troll is moderately wounded.
You block the troll's attack. The troll claws you! The troll barely misses you.
You block the troll's attack. x2; The troll claws you.
You hit the troll.
The troll is heavily wounded.
You block the troll's attack. x2; The troll claws you.
You block the troll's attack. x2; The troll claws you but does no damage.
You hit the troll.
The troll is heavily wounded.
The troll bites you! You block the troll's attack. x2
You hit the troll.
The troll is heavily wounded.
The troll bites you! The troll claws you but does no damage.
You block the troll's attack. The troll bites you!
* * * LOW HITPOINT WARNING * * *
The troll claws you but does no damage. The troll claws you!
* * * LOW HITPOINT WARNING * * *
You closely miss the troll.
The troll is moderately wounded.
The troll barely misses you. The troll claws you.
* * * LOW HITPOINT WARNING * * *
The troll claws you.
* * * LOW HITPOINT WARNING * * *
The troll bites you.
* * * LOW HITPOINT WARNING * * *
You block the troll's attack. x2
Okay, then.
Okay, then.
It was a potion of might.
You feel very mighty all of a sudden.
You block the troll's attack. x2; The troll barely misses you.
You barely miss the troll.
The troll is moderately wounded.
The troll bites you!
You die...

#..>. .# ##.### . #..#
##. #..## ...
######...## #.#
........... ##.##
######...##
##.###...##########..##
.....$.@T.............#
.#.###...##########...##
##.....# #........
#####.# #....)...
#.#####.##.####........
.................).....
#..........#######...##
#..........# #...##
#.#######..#######.....


You could see a troll.

Vanquished Creatures
  A steam dragon (D:6)
  2 water moccasins (D:6)
  2 ogres
  2 centaurs (D:5)
  2 phantoms (D:5)
  2 kobold brigands
  A bullfrog (D:7)
  A scorpion (D:4)
  A wight (D:6)
  A killer bee (D:6)
  3 howler monkeys
  2 hounds (D:5)
  A jelly (D:6)
  Crazy Yiuf (D:5)
  2 orc priests (D:4)
  3 orc wizards
  3 sleepcaps
  2 iguanas (D:5)
  10 gnolls
  6 adders
  A shadow imp (D:6)
  4 ufetubi
  4 dart slugs
  25 orcs
  7 endoplasms
  A giant cockroach (D:4)
  8 goblins
  7 hobgoblins
  4 quokkas
  9 ball pythons
  4 bats
  3 frilled lizards
  49 kobolds
  5 rats
179 creatures vanquished.

Notes
Turn   | Place    | Note
-------+----------+-------------------------------------------
     0 | D:1      | Curundu the Hill Orc Berserker began the quest for the Orb.
     0 | D:1      | Reached XP level 1. HP: 19/19 MP: 1/1
   264 | D:1      | Reached XP level 2. HP: 27/27 MP: 2/2
  1086 | D:2      | Reached XP level 3. HP: 33/33 MP: 3/3
  1131 | D:2      | Found Zunuil's Vocational Training.
  1210 | D:2      | Reached ** piety under Trog
  1268 | D:2      | Reached skill level 5 in Axes
  1278 | D:2      | Reached XP level 4. HP: 41/41 MP: 4/4
  1973 | D:3      | Reached XP level 5. HP: 47/47 MP: 5/5
  2522 | D:4      | Found a transporter.
  2551 | D:4      | Reached skill level 6 in Axes
  2556 | D:4      | Reached skill level 5 in Fighting
  2695 | D:4      | Reached XP level 6. HP: 56/56 MP: 6/6
  2721 | D:4      | Reached *** piety under Trog
  2966 | D:4      | Reached skill level 7 in Axes
  3307 | D:4      | Reached **** piety under Trog
  3312 | D:4      | Reached XP level 7. HP: 62/62 MP: 7/7
  3341 | D:4      | Found a transporter.
  3341 | D:4      | Noticed Sonofthefire's ghost (amateur OpSh)
  3484 | D:4      | Found Huutaw's General Store.
  3488 | D:4      | Bought a scroll of identify for 28 gold pieces
  3488 | D:4      | Bought a scroll of identify for 28 gold pieces
  3876 | D:5      | Entered Level 5 of the Dungeon
  4119 | D:5      | Reached skill level 8 in Axes
  4190 | D:5      | Reached skill level 1 in Maces & Flails
  4190 | D:5      | Reached skill level 5 in Armour
  4190 | D:5      | Reached XP level 8. HP: 71/71 MP: 8/8
  4422 | D:5      | Found a runed translucent door.
  4423 | D:5      | Noticed Crazy Yiuf
  4434 | D:5      | Killed Crazy Yiuf
  4665 | D:5      | Found an ornate altar of the Wu Jian Council.
  5089 | D:6      | Identified the +5 quarterstaff of Zoemegec {drain, Will-
                  | MP+9 Str+5 Int+8}
  5131 | D:6      | Reached skill level 5 in Maces & Flails
  5131 | D:6      | Reached XP level 9. HP: 78/78 MP: 9/9
  5599 | D:7      | Reached ***** piety under Trog
  5600 | D:7      | Reached skill level 1 in Long Blades
  5656 | D:7      | Reached skill level 1 in Shields
  5740 | D:7      | Noticed a troll
  5753 | D:7      | HP: 2/79 [troll (6)]
  5755 | D:7      | Slain by a troll

Illustrated notes

Levels and vault maps discovered:
D:1:      dpeg_arrival_pits, layout_basic, dreamdust_mushroom_princess
D:2:      layout_basic, minmay_misc_feat_columns, st_stairs_2,
          grunt_ministairs_9, hangedman_decor_growths, nicolae_shop_vocational
D:3:      layout_loops_ring, serial_bayou_crossing
D:4:      minmay_goblin_kobold_castle, layout_loops_cross,
          gammafunk_ghost_mausoleum, serial_shops, kennysheep_mini_moat,
          grunt_ministairs_4, minmay_crystal_water
D:5:      layout_loops_cross, mainiacjoe_overflow_surrounded_room,
          uniq_crazy_yiuf_cottage
D:6:      minmay_skewed_foursquare, layout_rooms,
          nicolae_elevator_lobby_asterisk
D:7:      layout_loops_ring, minmay_temple_entry_crystal_x,
          grunt_decor_arrowhead, uniq_duvessa

Skill      XL: |  1  2  3  4  5  6  7  8  9 |
---------------+----------------------------+-----
Fighting       | 4 5 6 7 |  7.2
Dodging        | 2 3 |  3.3
Axes           | 5 6 7 8 |  8.1
Armour         | 3 4 5 6 |  6.9
Maces & Flails | 1 5 |  5.3
Long Blades    | 1 |  1.5
Shields        | 1 |  1.0
Stealth        | |  0.8

Action                     |  1- 3 |  4- 6 |  7- 9 || total
---------------------------+-------+-------+-------++-------
  Melee: Hand axe          |    90 |   237 |    51 ||   378
         Flail             |       |       |   123 ||   123
         Long sword        |       |       |   131 ||   131
    Use: Scroll            |       |       |    10 ||    10
         Potion            |       |       |     1 ||     1
 Armour: Animal skin       |    20 |       |       ||    20
         Scale mail        |    48 |   188 |   333 ||   569
         Plate armour      |       |       |    33 ||    33
  Dodge: Dodged            |    62 |   126 |   199 ||   387
  Block: Tower shield      |       |       |   118 ||   118

Table legend: (Time is in decaauts)
 A = Elapsed time spent in this place.
 B = Non-inter-level travel time spent in this place.
 C = Inter-level travel time spent in this place.
 D = Time resting spent in this place.
 E = Time spent auto-exploring this place.
 F = Levels seen in this place.
 G = Mean time per level.
                   A        B        C        D        E       F      G
               +--------+--------+--------+--------+--------+-----+--------+
         Total |   6196 |   6196 |      0 |     64 |   4004 |   7 |  885.1 |
       Dungeon |   6196 |   6196 |      0 |     64 |   4004 |   7 |  885.1 |
               +--------+--------+--------+--------+--------+-----+--------+

Top non-repeatable levels by time:
     D:4: 1463 daAuts
     D:5: 1005 daAuts
     D:2: 970 daAuts
     D:1: 856 daAuts
     D:6: 851 daAuts
     D:3: 819 daAuts
     D:7: 229 daAuts
